 Dungeon Crawl Stone Soup version 0.22-a0-447-gee5f723 (webtiles) character file.

1261 xccam the Spear-Bearer (level 8, -3/58 HPs)
             Began as a Merfolk Monk on June 3, 2018.
             Was a Priest of Qazlal.
             Killed from afar by an orc (23 damage)
             ... with a wand of acid (3)
             ... on level 5 of the Dungeon.
             The game lasted 00:12:10 (5094 turns).

xccam the Spear-Bearer (Merfolk Monk)               Turns: 5094, Time: 00:12:11

Health: -3/58      AC:  8    Str: 13    XL:     8   Next: 52%
Magic:  7/11       EV: 11    Int: 10    God:    Qazlal [***...]
Gold:   168        SH: 10    Dex: 16    Spells: 7/7 levels left

rFire    . . .     SeeInvis .   a - +0 spear
rCold    . . .     Gourm    .   l - +0 buckler
rNeg     . . .     Faith    .   m - +0 scale mail
rPois    .         Spirit   .   o - +1 helmet
rElec    .         Reflect  .   (no cloak)
rCorr    .         Harm     .   (no gloves)
MR       .....                  (no boots)
Stlth    +.........             (no amulet)
HPRegen  0.19/turn              (no ring)
MPRegen  0.12/turn              (no ring)

@: no status effects
A: change form in water, swift swim, stealthy swim
a: Upheaval, Elemental Force, Renounce Religion


You were on level 5 of the Dungeon.
You worshipped Qazlal.
Qazlal was most pleased with you.
You were hungry.

You visited 1 branch of the dungeon, and saw 5 of its levels.

You collected 168 gold pieces.

Inventory:

Hand Weapons
 a - a +0 spear (weapon)
Armour
 l - a +0 buckler (worn)
 m - a +0 scale mail (worn)
 o - a +1 helmet (worn)
Wands
 b - a wand of disintegration (6)
 g - a wand of polymorph (2)
Scrolls
 d - 3 scrolls of teleportation
 e - a scroll of amnesia
 f - a scroll of enchant armour
 h - a scroll of magic mapping {unknown}
 i - 2 scrolls of remove curse
 j - a scroll of blinking {unknown}
 k - a scroll of enchant weapon {unknown}
 n - 2 scrolls of identify
Potions
 p - a potion of agility
Comestibles
 c - 8 rations


   Skills:
 - Level 3.2 Fighting
 + Level 11.0 Polearms
 - Level 4.0 Dodging
 - Level 2.1 Stealth
 + Level 5.0 Shields
 + Level 4.7 Invocations


You had 7 spell levels left.
You didn't know any spells.
Your spell library was empty.

Dungeon Overview and Level Annotations

Branches:
Dungeon (5/15)             Temple (0/1) D:4

Altars:
Kikubaaqudgha
Qazlal
Xom


Message History

Press: ? - help, Shift-Dir - straight line, f/p - orc warrior
Aim: an orc warrior, wielding a long sword and wearing a chain mail (severely wounded, chance to defeat MR: 65%)
The orc is blasted.
You blow up the orc!
Qazlal accepts your kill.
The orc warrior throws a stone.
You block the stone.
Evoke which item? (* to show all) (? for menu, Esc to quit)
Aiming: Disintegrate
Press: ? - help, Shift-Dir - straight line, f/p - orc warrior
Aim: an orc warrior, wielding a long sword and wearing a chain mail (severely wounded, chance to defeat MR: 65%)
The orc warrior is blasted.
You blow up the orc warrior!
Qazlal accepts your kill.
Your Polearms skill increases to level 11!
Your Shields skill increases to level 5!
You are too injured to fight recklessly!
You are too injured to fight recklessly!
You are too injured to fight recklessly!
The orc zaps a wand.
The bolt of acid hits you!
You die...

##.....###..................
##..........................
#.......##...#....##........
#.......##...####...........
#.......##...# #.>.........
##......#########.#.........
#....#....##...............
#....####ยง#.(####.##.......
#....oo[..@(..#...##..[...<
#....o####.........#...#..#
#....## #..............#..#
#....# #..................
#....# #..................
###..## ##.........#.......
##..#####...#...##....##.
##o#o..######.#......##.
#o(o..######o..#. ##.


You could see 3 orcs.

Vanquished Creatures
  Grinder (D:5)
  The ghost of incide the Charmwright, an amateur GnSk (D:3)
  A golden eye (shapeshifter) (D:4)
  Menkaure (D:4)
  An orc warrior (D:5)
  A slave (D:4)
  A bullfrog skeleton (D:5)
  An orc priest (D:5)
  A hound (D:4)
  8 orc wizards
  Ijyb (D:4)
  A worker ant (D:4)
  A hound skeleton (D:5)
  Robin (D:4)
  7 adders
  2 shadow imps
  An ooze (D:1)
  An adder skeleton (D:5)
  An adder zombie (D:5)
  2 worms
  A dart slug (D:1)
  4 leopard geckos
  18 orcs
  4 bats
  6 giant cockroaches
  15 goblins
  5 hobgoblins
  8 jackals
  5 kobolds
  4 ball pythons
  4 frilled lizards
  A leopard gecko skeleton (D:4)
  8 rats
118 creatures vanquished.

Notes
Turn   | Place    | Note
-------+----------+-------------------------------------------
     0 | D:1      | xccam the Merfolk Monk began the quest for the Orb.
     0 | D:1      | Reached XP level 1. HP: 18/18 MP: 1/1
   102 | D:1      | Reached skill level 5 in Polearms
   112 | D:1      | Reached XP level 2. HP: 24/24 MP: 2/2
   527 | D:1      | Found a radiant altar of Vehumet.
   529 | D:1      | Found a shimmering altar of Xom.
   529 | D:1      | Found an ornate altar of the Wu Jian Council.
   534 | D:1      | Found a shimmering altar of Xom.
   534 | D:1      | Found an ancient bone altar of Kikubaaqudgha.
   534 | D:1      | Found a radiant altar of Vehumet.
   539 | D:1      | Reached skill level 6 in Polearms
   539 | D:1      | Reached XP level 3. HP: 29/29 MP: 3/3
   590 | D:1      | You fall through a shaft!
   914 | D:2      | Found a faded altar of an unknown god.
   952 | D:2      | Became a worshipper of Qazlal Stormbringer
   952 | D:2      | Reached * piety under Qazlal
   952 | D:2      | Reached ** piety under Qazlal
  1058 | D:2      | Reached skill level 7 in Polearms
  1058 | D:2      | Reached XP level 4. HP: 25/35 MP: 4/4
  1299 | D:2      | Reached *** piety under Qazlal
  1431 | D:3      | Reached skill level 8 in Polearms
  1434 | D:3      | Reached XP level 5. HP: 32/41 MP: 5/5
  1963 | D:3      | Noticed incide's ghost (amateur GnSk)
  2002 | D:3      | Killed incide's ghost
  2002 | D:3      | Reached skill level 9 in Polearms
  2002 | D:3      | Reached XP level 6. HP: 34/47 MP: 6/6
  2345 | D:4      | Found a staircase to the Ecumenical Temple.
  2382 | D:4      | Noticed Robin
  2406 | D:4      | Killed Robin
  2574 | D:4      | Noticed Menkaure
  2576 | D:4      | Noticed a slave
  2577 | D:4      | Noticed Pikel
  2577 | D:4      | Noticed a slave
  2580 | D:4      | Noticed a slave
  2580 | D:4      | Noticed a slave
  2592 | D:4      | Killed a slave
  2854 | D:4      | Noticed Ijyb
  2876 | D:4      | Killed Ijyb
  2876 | D:4      | Reached **** piety under Qazlal
  2876 | D:4      | Reached skill level 1 in Invocations
  3173 | D:4      | Noticed Pikel
  3173 | D:4      | Pikel changed into Pikel the shapeshifter
  3174 | D:4      | Noticed Pikel
  3174 | D:4      | Pikel the shapeshifter changed into Pikel the yak
  3177 | D:4      | Noticed Pikel
  3177 | D:4      | Pikel the yak changed into Pikel the shapeshifter
  3177 | D:4      | Noticed Pikel
  3177 | D:4      | Pikel the shapeshifter changed into Pikel the golden eye
  3184 | D:4      | Killed Pikel the golden eye
  3184 | D:4      | Reached XP level 7. HP: 39/52 MP: 6/8
  3309 | D:4      | HP: 2/52 [Menkaure/nerve-wracking pain (5)]
  3662 | D:4      | Killed Menkaure
  4050 | D:5      | Entered Level 5 of the Dungeon
  4099 | D:4      | Reached skill level 10 in Polearms
  4388 | D:5      | Noticed Blork the orc
  4526 | D:5      | Noticed Blork
  4526 | D:5      | Blork the orc changed into Blork the hound
  4545 | D:4      | Killed Blork the hound
  4654 | D:5      | Noticed Grinder
  4879 | D:5      | Killed Grinder
  4879 | D:5      | Reached XP level 8. HP: 39/58 MP: 9/11
  5093 | D:5      | Reached skill level 11 in Polearms
  5093 | D:5      | Reached skill level 5 in Shields
  5094 | D:5      | Killed from afar by an orc

Vault maps used:
D:1:      onia_arrival_handbag, grunt_decor_clamped, kennysheep_small_spiral,
          doesnt_xom_only_xom
D:2:      chequers_ecumenical_altar_island
D:3:      kennysheep_generic_room_8
D:4:      minmay_temple_entry_glassed_door, uniq_robin, uniq_menkaure,
          uniq_pikel, uniq_ijyb
D:5:      first_ration, uniq_grinder, uniq_blork_the_orc

Skill      XL: |  1  2  3  4  5  6  7  8 |
---------------+-------------------------+-----
Polearms       | 5 6 7 8 9 10 11 | 11.0
Shields        | 2 3 4 5 |  5.0
Invocations    | 2 4 |  4.7
Fighting       | |  3.2
Dodging        | |  4.0
Stealth        | |  2.1

Action                   |  1- 3 |  4- 6 |  7- 9 || total
-------------------------+-------+-------+-------++-------
Melee: Spear             |   109 |   248 |   191 ||   548
       Unarmed           |       |    12 |       ||    12
Invok: Upheaval          |       |       |     5 ||     5
Evoke: Wand              |       |     3 |    10 ||    13
  Use: Potion            |       |     7 |       ||     7
       Scroll            |       |     6 |     1 ||     7
 Stab: Sleeping          |     5 |       |       ||     5
       Invisible         |       |     3 |       ||     3
  Eat: Chunk             |       |     5 |     1 ||     6
       Ration            |       |     1 |     1 ||     2
Armor: Robe              |     4 |       |       ||     4
       Leather armour    |     3 |     2 |       ||     5
       Scale mail        |       |    31 |    56 ||    87
Dodge: Dodged            |    34 |    61 |    75 ||   170
Block: Other             |       |     8 |       ||     8
       Buckler           |       |    41 |    70 ||   111

Table legend:
 A = Spawn XP
 B = Non-spawn XP
 C = Spawn XP percentage of total XP
 D = Spawn monster count
 E = Non-spawn monster count
 F = Spawn count percentage of total count
 G = Total turns spent on level
                    A         B        C        D         E        F      G
               +---------+---------+-------+---------+---------+-------+---------
         Total |       0 |    1802 |   0.0 |       0 |     117 |   0.0 |  5094
               +---------+---------+-------+---------+---------+-------+---------
           D:1 |       0 |      35 |   0.0 |       0 |      18 |   0.0 |   590
           D:2 |       0 |      78 |   0.0 |       0 |      18 |   0.0 |   949
           D:3 |       0 |     303 |   0.0 |       0 |      25 |   0.0 |  1310
           D:4 |       0 |     673 |   0.0 |       0 |      40 |   0.0 |  1940
           D:5 |       0 |     713 |   0.0 |       0 |      16 |   0.0 |   305
               +---------+---------+-------+---------+---------+-------+---------
